TOP OF THE 1ST |
Lakewood BlueClaws batting - Pitching for Augusta GreenJackets : RHP Mike Zambrano Jr.
|
Pitching: RHP Mike Zambrano Jr.
|
|
Batting: LHB Matt Urbanek
|
0-0: SINGLE (Groundball, 15S, EV 71.2 MPH) (infield hit)
|
Batting: RHB Vaclav Been
|
0-0: Ball 1-0: Ball 2-0: Called Strike 2-1: Ball Passed Ball! Matt Urbanek to second 3-1: Base on Balls
|
Batting: RHB Mike Bell
|
0-0: Ball 1-0: Ball 2-0: Foul Ball, location: 2F 2-1: SINGLE (Groundball, 23, EV 63.1 MPH) (infield hit) Matt Urbanek to third Vaclav Been to second
|
Batting: RHB Victor Arias
|
0-0: Ball 1-0: Ball 2-0: Ball 3-0: Grounds into double play, 4-6-3 (Groundball, 4, EV 99.4 MPH) Matt Urbanek scores Vaclav Been to third
|
Batting: LHB Eric Farren
|
0-0: Ball 1-0: Swinging Strike 1-1: SINGLE (Groundball, 56S, EV 71.2 MPH) (infield hit) Vaclav Been scores
|
Batting: RHB Trent Hedrick
|
0-0: Called Strike 0-1: Swinging Strike 0-2: Ball 1-2: Ball 2-2: Foul Ball, location: 2F 2-2: Fielders Choice at 2nd, 5-4 (Groundball, 56, EV 87.5 MPH)
|
Top of the 1st over - 2 runs, 3 hits, 0 errors, 1 left on base; Lakewood 2 - Augusta 0 |
BOTTOM OF THE 1ST |
Augusta GreenJackets batting - Pitching for Lakewood BlueClaws : RHP Josh Howell
|
Pitching: RHP Josh Howell
|
|
Batting: RHB Ryan Bentz
|
0-0: Ball 1-0: Fly out, F7 (Line Drive, 7D, EV 93.8 MPH)
|
Batting: LHB Gil Caraveo
|
0-0: Called Strike 0-1: Ball 1-1: Swinging Strike 1-2: Ball 2-2: Ball 3-2: Foul Ball, location: 2F 3-2: Foul Ball, location: 2F 3-2: Ground out 4-3 (Groundball, 4, EV 94.4 MPH)
|
Batting: RHB Frank Pena
|
0-0: Fly out, F6 (Line Drive, 6M, EV 68.1 MPH)
|
Bottom of the 1st over - 0 runs, 0 hits, 0 errors, 0 left on base; Lakewood 2 - Augusta 0 |
TOP OF THE 2ND |
Lakewood BlueClaws batting - Pitching for Augusta GreenJackets : RHP Mike Zambrano Jr.
|
Batting: SHB Steve DeRienzo
|
0-0: Called Strike 0-1: Called Strike 0-2: Strikes out swinging
|
Batting: RHB Johnny Burroughs
|
0-0: Ball 1-0: Ground out 5-3 (Groundball, 56S, EV 84.4 MPH)
|
Batting: RHB Cory Bonham
|
0-0: Called Strike 0-1: Ball 1-1: Ball 2-1: Ground out 1-3 (Groundball, 13, EV 68.8 MPH)
|
Top of the 2nd over - 0 runs, 0 hits, 0 errors, 0 left on base; Lakewood 2 - Augusta 0 |
BOTTOM OF THE 2ND |
Augusta GreenJackets batting - Pitching for Lakewood BlueClaws : RHP Josh Howell
|
Batting: RHB Dave Perron
|
0-0: Swinging Strike 0-1: DOUBLE (Groundball, 5L, EV 109.4 MPH)
|
Batting: LHB Takaaki Nishimoto
|
0-0: Ball 1-0: Fly out, F7 (Flyball, 7, EV 85.0 MPH)
|
Batting: RHB Jaime Rios
|
0-0: Ball 1-0: Ground out 6-3 (Groundball, 56, EV 99.4 MPH)
|
Batting: RHB Tsugio Yamaguchi
|
0-0: Ball 1-0: Foul Ball, location: 2F 1-1: Ball Passed Ball! Dave Perron to third 2-1: SINGLE (Flyball, 7, EV 73.1 MPH) - OUT at second base trying to stretch hit. Dave Perron scores
|
Bottom of the 2nd over - 1 run, 2 hits, 0 errors, 0 left on base; Lakewood 2 - Augusta 1 |
TOP OF THE 3RD |
Lakewood BlueClaws batting - Pitching for Augusta GreenJackets : RHP Mike Zambrano Jr.
|
Batting: LHB Matt Urbanek
|
0-0: Called Strike 0-1: Called Strike 0-2: SINGLE (Line Drive, 5D, EV 95.0 MPH)
|
Batting: RHB Vaclav Been
|
0-0: Called Strike 0-1: Ball 1-1: Ball 2-1: Foul Ball, location: 2F 2-2: Ball 3-2: Foul Ball, location: 2F 3-2: Foul Ball, location: 2F 3-2: Base on Balls Matt Urbanek to second
|
Batting: RHB Mike Bell
|
0-0: Called Strike 0-1: Foul Ball, location: 2F 0-2: Ball 1-2: SINGLE (Groundball, 56D, EV 103.8 MPH) Matt Urbanek to third Vaclav Been to second
|
Batting: RHB Victor Arias
|
0-0: Fly out, F7 (Flyball, 7LM, EV 93.1 MPH) Runner from 3rd tags up, SCORES, throw by LF
|
Batting: LHB Eric Farren
|
0-0: Foul Ball, location: 2F 0-1: Ball 1-1: Ball 2-1: Foul Ball, location: 2F 2-2: Fly out, F7 (Flyball, 78XD, EV 103.1 MPH) Runner from 2nd tags up, SAFE at 3rd, no throw by LF
|
Batting: RHB Trent Hedrick
|
0-0: Called Strike 0-1: Foul Ball, location: 2F 0-2: Strikes out looking
|
Top of the 3rd over - 1 run, 2 hits, 0 errors, 2 left on base; Lakewood 3 - Augusta 1 |
BOTTOM OF THE 3RD |
Augusta GreenJackets batting - Pitching for Lakewood BlueClaws : RHP Josh Howell
|
Batting: RHB Gary Sampson
|
0-0: Called Strike 0-1: Called Strike 0-2: Ball 1-2: SINGLE (Groundball, 5S, EV 65.6 MPH) (infield hit)
|
Batting: RHB Ed Broomhead
|
0-0: Ball 1-0: Ball 2-0: Ball 3-0: Called Strike 3-1: Fielders Choice at 2nd, 1-6 (Groundball, 13, EV 64.4 MPH)
|
Batting: RHB Ryan Bentz
|
0-0: Ball 1-0: Called Strike 1-1: Called Strike 1-2: Ball 2-2: Fielders Choice at 2nd, 6-4 (Groundball, 6S, EV 77.5 MPH)
|
Batting: LHB Gil Caraveo
|
0-0: Ball Ryan Bentz is caught stealing 2nd base 2-6
|
Bottom of the 3rd over - 0 runs, 1 hit, 0 errors, 0 left on base; Lakewood 3 - Augusta 1 |
TOP OF THE 4TH |
Lakewood BlueClaws batting - Pitching for Augusta GreenJackets : RHP Mike Zambrano Jr.
|
Batting: SHB Steve DeRienzo
|
0-0: Ball 1-0: Called Strike 1-1: Ball 2-1: SINGLE (Line Drive, 9S, EV 106.9 MPH)
|
Batting: RHB Johnny Burroughs
|
0-0: Called Strike Steve DeRienzo steals 2nd base 0-1: Ball 1-1: Ground out 6-3 (Groundball, 56, EV 105.0 MPH)
|
Batting: RHB Cory Bonham
|
0-0: Called Strike 0-1: Called Strike 0-2: Ball 1-2: Strikes out looking
|
Batting: LHB Matt Urbanek
|
0-0: Called Strike 0-1: Ball 1-1: Ball 2-1: SINGLE (Groundball, 6D, EV 98.8 MPH) Steve DeRienzo to third Runner from 3rd tries for Home, SAFE, throw by CF to home
|
Batting: RHB Vaclav Been
|
0-0: Swinging Strike 0-1: Ball Wild Pitch! Matt Urbanek to second 1-1: Ground out 4-3 (Groundball, 4, EV 81.2 MPH)
|
Top of the 4th over - 1 run, 2 hits, 0 errors, 1 left on base; Lakewood 4 - Augusta 1 |
BOTTOM OF THE 4TH |
Augusta GreenJackets batting - Pitching for Lakewood BlueClaws : RHP Josh Howell
|
Batting: LHB Gil Caraveo
|
0-0: Ground out 4-3 (Groundball, 4, EV 88.1 MPH)
|
Batting: RHB Frank Pena
|
0-0: Foul Ball, location: 2F 0-1: Ball 1-1: Ball 2-1: Ground out 6-3 (Groundball, 56, EV 105.0 MPH)
|
Batting: RHB Dave Perron
|
0-0: Ball 1-0: Foul Ball, location: 2F 1-1: DOUBLE (Line Drive, 89XD, EV 104.4 MPH)
|
Batting: LHB Takaaki Nishimoto
|
0-0: Foul Ball, location: 2F 0-1: Ball 1-1: Foul Ball, location: 2F 1-2: Ball 2-2: Strikes out looking
|
Bottom of the 4th over - 0 runs, 1 hit, 0 errors, 1 left on base; Lakewood 4 - Augusta 1 |
TOP OF THE 5TH |
Lakewood BlueClaws batting - Pitching for Augusta GreenJackets : RHP Mike Zambrano Jr.
|
Batting: RHB Mike Bell
|
0-0: Ball 1-0: Fly out, F8 (Flyball, 8RXD, EV 90.0 MPH)
|
Batting: RHB Victor Arias
|
0-0: Foul Ball, location: 2F 0-1: Swinging Strike 0-2: Ground out U3 (Groundball, 3, EV 103.1 MPH)
|
Batting: LHB Eric Farren
|
0-0: Ball 1-0: Called Strike 1-1: Ground out 3-1 (Groundball, 34S, EV 85.6 MPH)
|
Top of the 5th over - 0 runs, 0 hits, 0 errors, 0 left on base; Lakewood 4 - Augusta 1 |
BOTTOM OF THE 5TH |
Augusta GreenJackets batting - Pitching for Lakewood BlueClaws : RHP Josh Howell
|
Batting: RHB Jaime Rios
|
0-0: Ball 1-0: Ball 2-0: Ball 3-0: Called Strike 3-1: SINGLE (Line Drive, 9LS, EV 104.4 MPH)
|
Batting: RHB Tsugio Yamaguchi
|
0-0: Ball 1-0: Hit by Pitch Jaime Rios to second
|
Batting: RHB Gary Sampson
|
0-0: Ball 1-0: Ball 2-0: Ball 3-0: Called Strike 3-1: Called Strike 3-2: Base on Balls Jaime Rios to third Tsugio Yamaguchi to second
|
Batting: RHB Ed Broomhead
|
0-0: Ball 1-0: Called Strike 1-1: Foul Ball, location: 2F 1-2: Ball 2-2: DOUBLE (Line Drive, 3D, EV 99.4 MPH) Jaime Rios scores Tsugio Yamaguchi scores Gary Sampson to third
|
Batting: RHB Ryan Bentz
|
0-0: Ball 1-0: Foul Ball, location: 2F 1-1: Foul Ball, location: 2F 1-2: Ball 2-2: Ball 3-2: Foul Ball, location: 2F 3-2: SINGLE (Groundball, 15S, EV 70.6 MPH) (infield hit)
|
Batting: LHB Gil Caraveo
|
0-0: Foul Ball, location: 2F 0-1: Called Strike 0-2: DOUBLE (Groundball, 3L, EV 109.4 MPH) Gary Sampson scores Ed Broomhead scores Ryan Bentz to third
|
Pitching: RHP Jeff van Schaik
|
|
Batting: RHB Frank Pena
|
0-0: Ball 1-0: Ball 2-0: Ball 3-0: Base on Balls
|
Batting: RHB Dave Perron
|
0-0: Ball 1-0: Ball 2-0: Called Strike 2-1: Ball 3-1: Base on Balls Ryan Bentz scores Gil Caraveo to third Frank Pena to second
|
Batting: LHB Takaaki Nishimoto
|
0-0: Called Strike 0-1: Foul Ball, location: 2F 0-2: Foul Ball, location: 2F 0-2: Ball 1-2: Strikes out swinging
|
Batting: RHB Jaime Rios
|
0-0: Fly out, F8 (Flyball, 89D, EV 97.5 MPH) Runner from 3rd tags up, OUT at HOME! 8-2
|
Bottom of the 5th over - 5 runs, 4 hits, 0 errors, 2 left on base; Lakewood 4 - Augusta 6 |
TOP OF THE 6TH |
Lakewood BlueClaws batting - Pitching for Augusta GreenJackets : RHP Mike Zambrano Jr.
|
Pitching: RHP Mike Flynn
|
|
Batting: RHB Trent Hedrick
|
0-0: Foul Ball, location: 2F 0-1: Ball 1-1: Swinging Strike 1-2: Foul Ball, location: 2F 1-2: Strikes out swinging
|
Batting: SHB Steve DeRienzo
|
0-0: Ball 1-0: Swinging Strike 1-1: Ball 2-1: Swinging Strike 2-2: Strikes out swinging
|
Batting: RHB Johnny Burroughs
|
0-0: Foul Ball, location: 2F 0-1: Ball 1-1: Called Strike 1-2: Ground out 6-3 (Groundball, 56, EV 104.4 MPH)
|
Top of the 6th over - 0 runs, 0 hits, 0 errors, 0 left on base; Lakewood 4 - Augusta 6 |
BOTTOM OF THE 6TH |
Augusta GreenJackets batting - Pitching for Lakewood BlueClaws : RHP Jeff van Schaik
|
Batting: RHB Tsugio Yamaguchi
|
0-0: Ball 1-0: Fly out, F7 (Flyball, 7D, EV 93.8 MPH)
|
Batting: RHB Gary Sampson
|
0-0: Called Strike 0-1: Swinging Strike 0-2: Ball 1-2: Ball 2-2: Ball 3-2: Base on Balls
|
Batting: RHB Ed Broomhead
|
0-0: Ball Gary Sampson is caught stealing 2nd base 2-4 1-0: Ground out 4-3 (Groundball, 13, EV 79.4 MPH)
|
Bottom of the 6th over - 0 runs, 0 hits, 0 errors, 0 left on base; Lakewood 4 - Augusta 6 |
TOP OF THE 7TH |
Lakewood BlueClaws batting - Pitching for Augusta GreenJackets : RHP Mike Flynn
|
Batting: RHB Cory Bonham
|
0-0: Ball 1-0: SINGLE (Groundball, 56D, EV 103.1 MPH)
|
Batting: LHB Matt Urbanek
|
0-0: Called Strike 0-1: Ball 1-1: Bunt missed! 1-2: DOUBLE (Line Drive, 78M, EV 105.0 MPH) Cory Bonham to third Runner from 3rd tries for Home, SAFE, throw by LF to trailing runner, SAFE at third!
|
Batting: LHB Joel Moore
|
0-0: SINGLE (Groundball, 34, EV 97.5 MPH) Matt Urbanek scores
|
Batting: RHB Mike Bell
|
0-0: Called Strike 0-1: Ball 1-1: Ball 2-1: DOUBLE (Line Drive, 9LS, EV 105.6 MPH) Joel Moore to third
|
Batting: RHB Victor Arias
|
0-0: Ball 1-0: Called Strike 1-1: Called Strike 1-2: Foul Ball, location: 2F 1-2: Ball 2-2: Strikes out swinging
|
Batting: LHB Eric Farren
|
0-0: Intentional Walk
|
Batting: RHB Trent Hedrick
|
0-0: Called Strike 0-1: Ball 1-1: Grounds into fielders choice 6-2 (Groundball, 6, EV 83.8 MPH) Mike Bell to third Eric Farren to second
|
Pitching: LHP Jimmy Heinecke
|
|
Batting: SHB Steve DeRienzo
|
0-0: Ball 1-0: Ball 2-0: SINGLE (Flyball, 8RS, EV 99.4 MPH) Mike Bell scores Eric Farren to third Trent Hedrick to second Runner from 3rd tries for Home, throw by CF and OUT! 8-2
|
Top of the 7th over - 3 runs, 5 hits, 0 errors, 2 left on base; Lakewood 7 - Augusta 6 |
BOTTOM OF THE 7TH |
Augusta GreenJackets batting - Pitching for Lakewood BlueClaws : RHP Jeff van Schaik
|
Pitching: RHP Ian Savary
|
|
Batting: RHB Ryan Bentz
|
0-0: Ball 1-0: Swinging Strike 1-1: Ball 2-1: Called Strike 2-2: Foul Ball, location: 2F 2-2: Foul Ball, location: 2F 2-2: Foul Ball, location: 2F 2-2: Ball 3-2: Strikes out looking
|
Pinch Hitting: LHB Joe Hoover
|
0-0: Ball 1-0: Ball 2-0: Ball 3-0: Base on Balls
|
Batting: RHB Frank Pena
|
0-0: Called Strike Joe Hoover steals 2nd base 0-1: Foul Ball, location: 2F 0-2: Ball 1-2: SINGLE (Groundball, P, EV 81.9 MPH) (infield hit) Joe Hoover to third
|
Batting: RHB Dave Perron
|
0-0: Ball Frank Pena steals 2nd base 1-0: Called Strike 1-1: Ground out 1-3 (Groundball, 15S, EV 72.5 MPH)
|
Batting: LHB Takaaki Nishimoto
|
0-0: Foul Ball, location: 2F 0-1: Ball 1-1: Ball 2-1: Fly out, F8 (Flyball, 78D, EV 98.8 MPH)
|
Bottom of the 7th over - 0 runs, 1 hit, 0 errors, 2 left on base; Lakewood 7 - Augusta 6 |
TOP OF THE 8TH |
Lakewood BlueClaws batting - Pitching for Augusta GreenJackets : LHP Jimmy Heinecke
|
Now in CF: Joe Hoover
|
|
Batting: RHB Johnny Burroughs
|
0-0: Ball 1-0: Ball 2-0: Foul Ball, location: 2F 2-1: Fly out, F9 (Flyball, 89M, EV 91.2 MPH)
|
Batting: RHB Cory Bonham
|
0-0: Ball 1-0: Called Strike 1-1: Foul Ball, location: 2F 1-2: Fly out, F7 (Flyball, 7, EV 95.0 MPH)
|
Batting: LHB Matt Urbanek
|
0-0: Called Strike 0-1: Swinging Strike 0-2: Foul Ball, location: 2F 0-2: Foul Ball, location: 2F 0-2: Ball 1-2: Ball 2-2: Fly out, F3 (Line Drive, 3, EV 71.9 MPH)
|
Top of the 8th over - 0 runs, 0 hits, 0 errors, 0 left on base; Lakewood 7 - Augusta 6 |
BOTTOM OF THE 8TH |
Augusta GreenJackets batting - Pitching for Lakewood BlueClaws : RHP Ian Savary
|
Pitching: RHP David Oviedo
|
|
Batting: RHB Jaime Rios
|
0-0: SOLO HOME RUN (Line Drive, 78XD, EV 109.4 MPH), Distance : 436 ft
|
Batting: RHB Tsugio Yamaguchi
|
0-0: Ball 1-0: Called Strike 1-1: Ball 2-1: Foul Ball, location: 2F 2-2: Fly out, F7 (Flyball, 7, EV 93.1 MPH)
|
Batting: RHB Gary Sampson
|
0-0: Ball 1-0: Ground out 5-3 (Groundball, 56, EV 90.6 MPH)
|
Batting: RHB Ed Broomhead
|
0-0: Ball 1-0: Ball 2-0: Ball 3-0: Called Strike 3-1: SINGLE (Groundball, 34D, EV 100.6 MPH)
|
Batting: RHB Ryan Bentz
|
0-0: Foul Ball, location: 2F 0-1: Ball 1-1: SINGLE (Groundball, 6MD, EV 84.4 MPH) (infield hit) Ed Broomhead to second
|
Batting: LHB Joe Hoover
|
0-0: Called Strike 0-1: Swinging Strike 0-2: Foul Ball, location: 2F 0-2: Ball 1-2: Ball 2-2: Foul Ball, location: 2F 2-2: Foul Ball, location: 2F 2-2: Ball 3-2: Strikes out swinging
|
Bottom of the 8th over - 1 run, 3 hits, 0 errors, 2 left on base; Lakewood 7 - Augusta 7 |
TOP OF THE 9TH |
Lakewood BlueClaws batting - Pitching for Augusta GreenJackets : LHP Jimmy Heinecke
|
Pitching: RHP Jay Kouns
|
|
Batting: LHB Joel Moore
|
0-0: SOLO HOME RUN (Flyball, 89XD, EV 111.2 MPH), Distance : 418 ft
|
Batting: RHB Mike Bell
|
0-0: Swinging Strike 0-1: Ground out 6-3 (Groundball, 6, EV 103.8 MPH)
|
Batting: RHB Victor Arias
|
0-0: Called Strike 0-1: Swinging Strike 0-2: Ground out 4-3 (Groundball, 34, EV 103.8 MPH)
|
Batting: LHB Eric Farren
|
0-0: Ball 1-0: Ball 2-0: Foul Ball, location: 2F 2-1: Ball 3-1: Ground out 3-1 (Groundball, 13, EV 85.0 MPH)
|
Top of the 9th over - 1 run, 1 hit, 0 errors, 0 left on base; Lakewood 8 - Augusta 7 |
BOTTOM OF THE 9TH |
Augusta GreenJackets batting - Pitching for Lakewood BlueClaws : RHP David Oviedo
|
Pitching: RHP Shamar Hansford
|
|
Batting: RHB Frank Pena
|
0-0: Ball 1-0: Called Strike 1-1: Fly out, F9 (Flyball, 9S, EV 92.5 MPH)
|
Batting: RHB Dave Perron
|
0-0: DOUBLE (Line Drive, 78XD, EV 108.1 MPH)
|
Batting: LHB Takaaki Nishimoto
|
0-0: Ball 1-0: Foul Ball, location: 2F 1-1: DOUBLE (Flyball, 78D, EV 110.6 MPH) Dave Perron scores
|
Batting: RHB Jaime Rios
|
0-0: Ball 1-0: Ball 2-0: 2-RUN HOME RUN (Flyball, 9LD, EV 97.5 MPH), Distance : 349 ft
|
Bottom of the 9th over - 3 runs, 3 hits, 0 errors, 0 left on base; Lakewood 8 - Augusta 10 |
|